 Dungeon Crawl Stone Soup version 0.30.0-29-ga12c61a403 (webtiles) character file.

Game seed: 13941346764543650993

145 qw the Chopper (level 5, -1/32 HPs)
             Began as a Gargoyle Fighter on June 4, 2023.
             Killed by divine providence
             ... invoked by an orc priest
              (11 damage)
             ... on level 3 of the Dungeon.
             The game lasted 00:00:51 (1675 turns).

qw the Chopper (Gargoyle Fighter)                   Turns: 1675, Time: 00:00:51

Health: -1/32      AC: 15    Str: 21    XL:     5   Next: 27%
Magic:  5/5        EV:  5    Int:  9    God:
Gold:   50         SH:  4    Dex:  9    Spells: 4/4 levels left

rFire   . . .        Y - +0 war axe
rCold   . . .        c - +0 buckler
rNeg    + . .        g - +0 plate armour
rPois   inf          (no helmet)
rElec   +            (no cloak)
rCorr   .            (no gloves)
SInv    .            (no boots)
Will    .....        k - amulet of the acrobat Stlth
                     (no ring)
HPRegen 0.25/turn    (no ring)
MPRegen 0.09/turn

%: acrobat
@: no status effects
A: sickness immunity, AC +4, negative energy resistance 1, electricity
resistance, torment resistance 1, petrification resistance
a: no special abilities


You were on level 3 of the Dungeon.
You visited 1 branch of the dungeon, and saw 3 of its levels.

You collected 50 gold pieces.


Innate Abilities, Weirdness & Mutations

You are immune to sickness and miasma.
Your stone body is resilient. (AC +4)
You are immune to poison.
You resist negative energy. (rN+)
You are resistant to electric shocks. (rElec)
You are resistant to unholy torment.
You are immune to petrification.


   Skills:
 - Level 3.2 Fighting
 + Level 4.8 Axes
 - Level 3.2 Armour
 - Level 3.2 Shields


You had 4 spell levels left.
You didn't know any spells.
Your spell library was empty.

Inventory:

Hand Weapons
 h - a +0 club
 Y - a +0 war axe (weapon)
Missiles
 e - a boomerang (quivered)
Armour
 c - a +0 buckler (worn)
 g - a +0 plate armour (worn)
Jewellery
 k - an amulet of the acrobat (around neck)
Scrolls
 b - a scroll of identify
Potions
 a - a potion of degeneration {unknown}
 d - a potion of might
 j - a potion of cancellation {unknown}

Dungeon Overview and Level Annotations

Branches:
Dungeon (3/15)

Altars:

Shops:
D:1 =


Message History

The orc hits you but does no damage. Something misses you.
The orc wizard closely misses you.
You hear some strange, mumbled words.
A puff of flame appears from out of thin air!
The puff of flame hits you. The orc misses you.
The orc wizard hits you but does no damage.
Something hits you but does no damage.
The orc wizard hits you but does no damage.
The orc misses you. The orc wizard casts a spell at you.
The puff of flame hits you. Something hits you but does no damage.
The orc wizard barely misses you. The orc closely misses you.
The orc wizard hits you with a +0 dagger.
You feel less confused. Something hits you but does no damage.
The orc wizard hits you but does no damage.
You block the orc's attack.
The orc wizard hits you but does no damage.
You barely miss the orc.
The orc is almost dead.
You barely miss the orc wizard. You miss something. You miss the orc wizard.
Something hits you but does no damage.
The orc wizard hits you with a +0 dagger.
The orc hits you but does no damage. You block the orc wizard's attack.
You slash the orc!
You kill the orc!
You barely miss the orc wizard. You miss something. You hit the orc wizard.
Something hits you.
The orc wizard gestures at you while chanting.
You resist with some effort. You block the orc wizard's attack.
Something hits you but does no damage. The orc hits you but does no damage.
The orc wizard hits you but does no damage.
You slash the orc wizard!
You kill the orc wizard!
You closely miss the orc wizard. You closely miss something.
You hit the orc but do no damage.
The orc priest mumbles some strange prayers to Beogh against you.
Beogh smites you!
You die...

#.#.. #.#...
..... #....
#...# #...#
#.
#...####....
#..ooo......
#..@)#......
#..{.# ~...~
###. #....#
o... ...
#....# ...
#.. ####.#
..
#~.#####.# o
##~....##.#
.~~.#.##.#
#~~#.##.##


You could see an orc priest, an orc wizard and an orc.

Vanquished Creatures
  Jessica (D:2)
  Natasha (thrice) (D:2)
  An orc wizard (D:3)
  2 worms (D:2)
  2 orcs (D:3)
  An endoplasm (D:3)
  2 giant cockroaches (D:2)
  2 goblins
  5 hobgoblins
  4 jackals (D:2)
  3 quokkas (D:1)
  2 bats
  A frilled lizard (D:2)
  2 kobolds
  8 rats
39 creatures vanquished.

Notes
Turn   | Place    | Note
-------+----------+-------------------------------------------
     0 | D:1      | qw the Gargoyle Fighter began the quest for the Orb.
     0 | D:1      | Reached XP level 1. HP: 14/14 MP: 1/1
     0 | D:1      | 0 ||| qw: Version: 0.2-a-107-g4668610
     0 | D:1      | 0 ||| qw: Game counter: 1260
     0 | D:1      | 0 ||| qw: Always use a shield: true
     0 | D:1      | 0 ||| qw: God list: Okawaru
     0 | D:1      | 0 ||| qw: Allow faded altars: false
     0 | D:1      | 0 ||| qw: Do Orc after D:15 true
     0 | D:1      | 0 ||| qw: Do second Lair branch before Depths: true
     0 | D:1      | 0 ||| qw: Lair rune preference: random
     0 | D:1      | 0 ||| qw: Plans: Normal, Zot:1-4, Slime:5, God:TSO, Crypt,
                  | Tomb, Abyss, Pan, Hells, Win
     0 | D:1      | 0 ||| PLANNING D:1-11
    18 | D:1      | Found Ruor's Jewellery Boutique.
    27 | D:1      | 27 ||| SHOPLISTING amulet of faith (440 gold, have 0).
    27 | D:1      | 27 ||| SHOPLISTING amulet of reflection (330 gold, have 0).
    27 | D:1      | 27 ||| SHOPLISTING amulet of regeneration (330 gold, have
                  | 0).
    27 | D:1      | 27 ||| SHOPLISTING ring of positive energy (220 gold, have
                  | 0).
   123 | D:1      | Reached skill level 2 in Axes
   368 | D:1      | Reached XP level 2. HP: 17/19 MP: 2/2
   815 | D:1      | 815 ||| UPGRADING to +0 plate armour.
   825 | D:1      | 825 ||| DROPPING +0 scale mail.
   826 | D:1      | 826 ||| UPGRADING to amulet of the acrobat.
   831 | D:1      | 831 ||| READING scroll labelled WARYTZ TOTES.
   832 | D:1      | 832 ||| READING 2 scrolls labelled UGUAHUR VIADU.
   833 | D:1      | 833 ||| READING scroll labelled YNGYLE LYNAU.
   836 | D:1      | 836 ||| READING scroll labelled ARA XOTEAQOUG.
   837 | D:1      | 837 ||| DROPPING scroll of poison.
   886 | D:2      | Noticed Natasha
   887 | D:2      | 887 ||| Stepping ~*~*~tactically~*~*~ (hiding).
   895 | D:2      | Killed Natasha
   896 | D:2      | Reached skill level 3 in Axes
   896 | D:2      | Reached XP level 3. HP: 21/23 MP: 3/3
   898 | D:2      | Noticed Natasha
   904 | D:2      | HP: 1/23 [Natasha (6)]
   905 | D:2      | Killed Natasha
   906 | D:2      | Reached XP level 4. HP: 2/28 MP: 4/4
   917 | D:2      | Noticed Natasha
   918 | D:2      | 918 ||| FLEEEEING.
   919 | D:2      | 919 ||| FLEEEEING.
   920 | D:2      | 920 ||| FLEEEEING.
   928 | D:2      | Killed Natasha
   929 | D:2      | Reached skill level 4 in Axes
   987 | D:2      | 987 ||| FLEEEEING.
   988 | D:2      | 988 ||| FLEEEEING.
   989 | D:2      | 989 ||| FLEEEEING.
   990 | D:2      | 990 ||| FLEEEEING.
   991 | D:2      | 991 ||| STAIRDANCE
  1009 | D:2      | 1009 ||| Stepping ~*~*~tactically~*~*~ (stealth).
  1109 | D:2      | Noticed Jessica
  1111 | D:2      | 1111 ||| Stepping ~*~*~tactically~*~*~ (hiding).
  1115 | D:2      | Killed Jessica
  1116 | D:2      | Reached XP level 5. HP: 32/32 MP: 5/5
  1379 | D:2      | 1379 ||| Stepping ~*~*~tactically~*~*~ (stealth).
  1380 | D:2      | 1380 ||| Stepping ~*~*~tactically~*~*~ (stealth).
  1382 | D:2      | 1382 ||| Stepping ~*~*~tactically~*~*~ (stealth).
  1554 | D:2      | 1554 ||| READING 2 scrolls labelled OSOOXEJ VUGE.
  1555 | D:2      | 1555 ||| DRINKING 2 emerald potions.
  1632 | D:3      | Identified the +3 scale mail "Subaddo" {MP+9 Dex+3}
  1655 | D:3      | 1655 ||| Stepping ~*~*~tactically~*~*~ (stealth).
  1657 | D:3      | 1657 ||| Stepping ~*~*~tactically~*~*~ (stealth).
  1659 | D:3      | 1659 ||| Stepping ~*~*~tactically~*~*~ (hiding).
  1663 | D:3      | 1663 ||| DRINKING potion of curing.
  1663 | D:3      | 1663 ||| (to cure confusion)
  1675 | D:3      | Killed from afar by an orc priest

Levels and vault maps discovered:
D:1:      reono_arrival_mine, layout_basic, serial_shops, shop
D:2:      layout_rooms, uniq_jessica, uniq_natasha
D:3:      cheibrodos_pilgrimage, layout_basic, gammafunk_ghost_necromancy,
          chequers_serial_rivers_small_a, minmay_goblin_outpost

Skill      XL: |  1  2  3  4 |
---------------+-------------+-----
Axes           | 2 3 4 |  4.8
Fighting       | |  3.2
Armour         | |  3.2
Shields        | |  3.2

Action                     |  1- 3 |  4- 6 || total
---------------------------+-------+-------++-------
  Melee: War axe           |    56 |    70 ||   126
  Throw: Boomerang         |       |    11 ||    11
    Use: Scroll            |     4 |     1 ||     5
         Potion            |       |     2 ||     2
 Armour: Scale mail        |    11 |       ||    11
         Plate armour      |    26 |    63 ||    89
  Dodge: Dodged            |    20 |    31 ||    51
  Block: Buckler           |    11 |    11 ||    22

Table legend:
 A = Non-vault XP
 B = Vault XP
 C = Vault XP percentage of total XP
 D = Non-vault monster count
 E = Vault monster count
 F = Vault count percentage of total count
                 A         B        C        D         E       F
            +---------+---------+-------+---------+---------+-------
      Total |     130 |     113 |  46.5 |      34 |       5 |  12.8
            +---------+---------+-------+---------+---------+-------
        D:1 |      17 |       0 |   0.0 |      12 |       0 |   0.0
        D:2 |     111 |      72 |  39.3 |      21 |       2 |   8.7
        D:3 |       2 |      41 |  95.3 |       1 |       3 |  75.0
            +---------+---------+-------+---------+---------+-------
